 Dungeon Sprint DCSS version 0.24-a0-574-g7d3d5a4 (webtiles) character file.

Game seed: 12931371509077593517

2436 Faca the Warrior (level 9, -1/91 HPs)
             Began as a Formicid Fighter on Aug 20, 2019.
             Was an Elder of the Shining One.
             Slain by a 12-headed hydra (2 damage)
             ... in the Dungeon (Sprint IX: "|||||||||||||||||||||||||||||").
             The game lasted 00:02:40 (733 turns).

Faca the Warrior (Formicid Fighter)                  Turns: 733, Time: 00:02:41

Health: -1/91      AC: 21    Str: 29    XL:     9   Next: 77%
Magic:  9/9        EV:  5    Int:  8    God:    the Shining One [****..]
Gold:   12         SH: 10    Dex: 10    Spells: 8/8 levels left

rFire    . . .     SeeInvis +   p - +2 scimitar of Spores {protect, -Tele +Fly rElec MR++}
rCold    . . .     Gourm    .   c - +0 shield
rNeg     + + .     Faith    .   q - +0 plate armour
rPois    .         Spirit   .   (helmet unavailable)
rElec    +         Reflect  .   (no cloak)
rCorr    .         Harm     .   a - +0 pair of gloves
MR       ++...                  (no boots)
Stlth    ..........             (no amulet)
HPRegen  0.25/turn              r - +2 ring of protection
MPRegen  0.11/turn              (no ring)

@: mighty, protection aura, glowing
A: permanent stasis, dig shafts and tunnels, four strong arms, antennae 3
a: Dig, Divine Shield, Cleansing Flame, Renounce Religion, Evoke Flight


You were in the Dungeon.
You worshipped the Shining One.
The Shining One was greatly pleased with you.
You were not hungry.

You visited 1 branch You collected 12 gold pieces.

Inventory:

Hand Weapons
 o - a +2 rapier of venom
 p - the +2 scimitar of Spores (weapon) {protect, -Tele +Fly rElec MR++}
   (You found it in the Dungeon)

   It grants its wielder temporary protection when it strikes (+7 to AC).
   It insulates you from electricity.
   It affects your resistance to hostile enchantments.
   It lets you fly.
   It prevents most forms of teleportation.
Armour
 a - a +0 pair of gloves (worn)
 b - a +0 scale mail
 c - a +0 shield (worn)
 q - a +0 plate armour (worn)
Jewellery
 r - a +2 ring of protection (left hand)
Wands
 n - a wand of acid (10)
Scrolls
 k - 3 scrolls of blinking
 l - 3 scrolls of remove curse
 m - 2 scrolls of amnesia
 t - 2 scrolls of identify
 u - a scroll of fog
 v - a scroll of fear
Potions
 d - a potion of might
 e - 5 potions of curing
 g - 4 potions of heal wounds
 h - a potion of haste
 i - 4 potions of magic
 j - a potion of berserk rage
 s - 2 potions of mutation
Comestibles
 f - 2 rations


   Skills:
 + Level 15.8 Fighting
 + Level 14.5 Long Blades
 - Level 3.2 Armour
 - Level 3.6 Shields


You had 8 spell levels left.
You didn't know any spells.
Your spell library was empty.

Dungeon Overview and Level Annotations

Branches:
Dungeon (1/1)

Altars:
Cheibriados
Dithmenos
Elyvilon
Fedhas
Gozag
Hepliaklqana
Kikubaaqudgha
Makhleb
Nemelex Xobeh
Okawaru
Qazlal
Ru
Sif Muna
Trog
Uskayaw
Vehumet
Wu Jian
Xom
Yredelemnul
Zin
The Shining One
Beogh
Jiyva
Lugonu


Innate Abilities, Weirdness & Mutations

You cannot be hasted, slowed, berserked, paralysed or teleported.
You can dig through walls and to a lower floor.
Your four strong arms can wield two-handed weapons with a shield.
You have a pair of large antennae on your head. (SInv)


Message History

The 12-headed hydra bites you but does no damage. x4
You block the 12-headed hydra's attack. The 12-headed hydra barely misses you.
You block the 12-headed hydra's attack.
The 12-headed hydra bites you but does no damage.
The 12-headed hydra barely misses you.
The 12-headed hydra bites you but does no damage.
The 12-headed hydra bites you. The Shining One protects you from harm!
The 12-headed hydra bites you but does no damage.
You completely miss the 12-headed hydra.
The 12-headed hydra is almost dead.
The 12-headed hydra bites you but does no damage. x2
You block the 12-headed hydra's attack. The 12-headed hydra bites you.
* * * LOW HITPOINT WARNING * * *
The 12-headed hydra bites you! The Shining One protects you from harm!
You block the 12-headed hydra's attack.
The 12-headed hydra bites you but does no damage.
The 12-headed hydra bites you.
You die... {{{{{{{{{{{{

▓▓▓▓▓▓▓▓▓▓▓▓▓▓▓▓▓▓▓▓▓▓▓▓▓▓▓
▓.......'.@DDYStFF.S..S..S.
▓.▓▓▓▓▓▓▓▓▓▓▓▓▓▓▓▓▓▓▓▓▓▓▓▓▓
▓..........................
▓▓▓▓▓▓▓▓▓▓▓▓▓▓▓▓▓▓▓▓▓▓▓▓▓▓▓
▓<...†....(')....'_________
▓▓▓▓▓▓▓▓▓▓▓▓▓▓▓▓▓▓▓▓▓▓▓▓▓▓▓


You could see a 12-headed hydra, a seven-headed hydra, a yak, a blink frog, a
water moccasin, a crocodile and a bullfrog.

Vanquished Creatures
  A hydra (D)
  An unseen horror (D)
  2 cyclopes (D)
  A yak (D)
  A centaur (D)
  2 bullfrogs (D)
  2 crimson imps (D)
  2 quasits (D)
  2 worker ants (D)
  A leopard gecko (D)
  2 bats (D)
  2 hobgoblins (D)
  A frilled lizard (D)
  A jackal zombie (D)
  A leopard gecko skeleton (D)
  A rat (D)
23 creatures vanquished.

Notes
Turn   | Place    | Note
-------+----------+-------------------------------------------
     0 | D        | Faca the Formicid Fighter began the quest for the Orb.
     0 | D        | Reached XP level 1. HP: 18/18 MP: 1/1
    12 | D        | Reached skill level 4 in Fighting
    21 | D        | Reached XP level 2. HP: 25/26 MP: 2/2
    29 | D        | Noticed a crimson imp
    29 | D        | Noticed a crimson imp
    29 | D        | Noticed a quasit
    29 | D        | Noticed a centaur
    49 | D        | Killed a quasit
    49 | D        | Reached skill level 6 in Fighting
    49 | D        | Reached XP level 3. HP: 27/34 MP: 3/3
    57 | D        | Killed a centaur
    57 | D        | Reached skill level 8 in Fighting
    57 | D        | Reached XP level 4. HP: 9/44 MP: 4/4
    57 | D        | Reached XP level 5. HP: 11/49 MP: 5/5
    73 | D        | Reached skill level 9 in Fighting
   273 | D        | Found a roughly hewn altar of Beogh.
   273 | D        | Found a snail-covered altar of Cheibriados.
   273 | D        | Found a shadowy altar of Dithmenos.
   273 | D        | Found a white marble altar of Elyvilon.
   273 | D        | Found a blossoming altar of Fedhas.
   273 | D        | Found an opulent altar of Gozag.
   274 | D        | Found a hazy altar of Hepliaklqana.
   275 | D        | Found a viscous altar of Jiyva.
   276 | D        | Found an ancient bone altar of Kikubaaqudgha.
   277 | D        | Found a corrupted altar of Lugonu.
   278 | D        | Found a burning altar of Makhleb.
   279 | D        | Found a sparkling altar of Nemelex Xobeh.
   280 | D        | Found an iron altar of Okawaru.
   281 | D        | Found a stormy altar of Qazlal.
   282 | D        | Found a sacrificial altar of Ru.
   283 | D        | Found a shimmering blue altar of Sif Muna.
   284 | D        | Found a bloodstained altar of Trog.
   285 | D        | Found a hide-covered altar of Uskayaw.
   286 | D        | Found a radiant altar of Vehumet.
   287 | D        | Found an ornate altar of the Wu Jian Council.
   288 | D        | Found a shimmering altar of Xom.
   289 | D        | Found a basalt altar of Yredelemnul.
   290 | D        | Found a glowing silver altar of Zin.
   291 | D        | Found a glowing golden altar of the Shining One.
   299 | D        | Became a worshipper of the Shining One
   309 | D        | Got the +2 scimitar of Spores {protect, -Tele +Fly rElec
                  | MR++}
   340 | D        | Reached * piety under the Shining One
   340 | D        | Noticed a bullfrog
   340 | D        | Noticed a bullfrog
   343 | D        | Reached ** piety under the Shining One
   343 | D        | Reached XP level 6. HP: 57/58 MP: 6/6
   352 | D        | Reached skill level 10 in Fighting
   355 | D        | Reached skill level 11 in Fighting
   355 | D        | Reached XP level 7. HP: 67/68 MP: 7/7
   363 | D        | Noticed an unseen horror
   363 | D        | Noticed a yak
   363 | D        | Noticed a cyclops
   363 | D        | Reached *** piety under the Shining One
   363 | D        | Noticed a cyclops
   368 | D        | Killed an unseen horror
   368 | D        | Reached skill level 13 in Fighting
   368 | D        | Reached XP level 8. HP: 73/79 MP: 8/8
   374 | D        | Killed a yak
   383 | D        | Killed a cyclops
   383 | D        | Reached skill level 14 in Fighting
   383 | D        | Reached XP level 9. HP: 40/87 MP: 9/9
   386 | D        | Killed a cyclops
   700 | D        | Reached **** piety under the Shining One
   700 | D        | Noticed a five-headed hydra
   700 | D        | Noticed a six-headed hydra
   700 | D        | Noticed a seven-headed hydra
   703 | D        | Noticed a blink frog
   723 | D        | Killed a five-headed hydra
   723 | D        | Reached skill level 15 in Fighting
   731 | D        | HP: 3/91 [11-headed hydra (10)]
   731 | D        | HP: 1/91 [11-headed hydra (2)]
   732 | D        | The Shining One protects you from harm!
   733 | D        | The Shining One protects you from harm!
   733 | D        | Slain by a 12-headed hydra

Levels and vault maps discovered:
D:        linesprint [early_d, line_temple, items_1, d_10, items_2, lair_1,
          lair_end, items_3, orc_1, orc_end, items_4, d_15, swamp_1, shoals_1,
          snake_1, spider_1, d_20, vaults_1, items_5, swamp_end, shoals_end,
          snake_end, spider_end, vaults_end, d_27, items_6, zot_1, zot_end,
          crypt_end, forest_end, elf_end, slime_end, tomb_end, abyss_end,
          pan_hell_end]

Skill      XL: |  1  2  3  4  5  6  7  8  9 |
---------------+----------------------------+-----
Fighting       | 4 6 8 9 11 13 14 15 | 15.8
Long Blades    | 3 4 6 8 9 12 13 14 | 14.5
Armour         | |  3.2
Shields        | |  3.6

Action                   |  1- 3 |  4- 6 |  7- 9 || total
-------------------------+-------+-------+-------++-------
Melee: Long sword        |    45 |    13 |       ||    58
       Scimitar          |       |    15 |    32 ||    47
       Rapier            |       |       |     7 ||     7
  Use: Potion            |       |     1 |     4 ||     5
Armor: Scale mail        |    35 |     6 |       ||    41
       Plate armour      |       |    11 |    59 ||    70
Dodge: Dodged            |    21 |     7 |    13 ||    41
Block: Shield            |    30 |    10 |    30 ||    70
       Rpst.: Long sword |     6 |       |       ||     6
       Scimitar          |       |     1 |     3 ||     4

Table legend:
 A = Non-vault XP
 B = Vault XP
 C = Vault XP percentage of total XP
 D = Non-vault monster count
 E = Vault monster count
 F = Vault count percentage of total count
                 A         B        C        D         E       F
            +---------+---------+-------+---------+---------+-------
      Total |       0 |    3481 | 100.0 |       0 |      23 | 100.0
            +---------+---------+-------+---------+---------+-------
          D |       0 |    3481 | 100.0 |       0 |      23 | 100.0
            +---------+---------+-------+---------+---------+-------
